 Dungeon Crawl Stone Soup version 0.28.0-53-g5a82cb258f (webtiles) character file.

Game seed: 9970459024463015393

224 Peloso the Covered (level 5, -4/48 HPs)
             Began as a Minotaur Fighter on Aug 14, 2022.
             Slain by a sky beast (5 damage)
             ... on level 3 of the Dungeon.
             The game lasted 00:02:26 (2228 turns).

Peloso the Covered (Minotaur Fighter)               Turns: 2228, Time: 00:02:26

Health: -4/48      AC:  7    Str: 21    XL:     5   Next: 67%
Magic:  4/4        EV:  9    Int:  5    God:
Gold:   142        SH:  5    Dex: 11    Spells: 4/4 levels left

rFire   . . .      SeeInvis .   a - +0 long sword
rCold   . . .      Faith    .   c - +0 buckler
rNeg    . . .      Spirit   .   b - +0 scale mail
rPois   .          Reflect  .   (helmet restricted)
rElec   .          Harm     .   (no cloak)
rCorr   .          Rampage  .   (no gloves)
Will    .....                   (no boots)
Stlth   ..........              (no amulet)
HPRegen 0.16/turn               (no ring)
MPRegen 0.09/turn               (no ring)

@: no status effects
A: horns 2, retaliatory headbutt
a: no special abilities


You were on level 3 of the Dungeon.
You visited 1 branch of the dungeon, and saw 3 of its levels.

You collected 142 gold pieces.

Inventory:

Hand Weapons
 a - a +0 long sword (weapon)
Armour
 b - a +0 scale mail (worn)
 c - a +0 buckler (worn)
Jewellery
 f - a ring of magical power
Wands
 h - a wand of acid (8)
Scrolls
 g - a scroll of teleportation
Potions
 d - a potion of might
 e - 2 potions of curing


   Skills:
 + Level 5.0 Fighting
 + Level 4.1 Long Blades
 + Level 5.3 Armour
 + Level 0.4 Dodging
 + Level 4.5 Shields


You had 4 spell levels left.
You didn't know any spells.
Your spell library was empty.

Dungeon Overview and Level Annotations

Branches:
Dungeon (3/15)

Altars:


Innate Abilities, Weirdness & Mutations

You have a pair of horns on your head.
You reflexively headbutt those who attack you in melee.


Message History

Deactivating autopickup; reactivate with Ctrl-A.
Something hits you but does no damage. x2
You barely miss something. Your headbutt misses something.
Something hits you but does no damage.
You miss something. Your headbutt misses something.
A sky beast appears from thin air!
Reactivating autopickup.
The sky beast hits you. The sky beast shocks you.
You barely miss the sky beast. The sky beast closely misses you.
The sky beast hits you. The sky beast shocks you.
You barely miss the sky beast.
The sky beast flickers out of sight!
Deactivating autopickup; reactivate with Ctrl-A.
Something hits you but does no damage.
You miss something. Your headbutt misses something. Something hits you.
Something shocks you.
You hit something but do no damage. Your headbutt misses something.
Something hits you. Something shocks you.
You miss something.
Something hits you but does no damage. x2
You miss something. Your headbutt misses something.
Something completely misses you.
You miss something. Something hits you but does no damage.
You slash something!
Something hits you but does no damage. x2
You miss something. Something hits you but does no damage.
You miss something. Something hits you.
* * * LOW HITPOINT WARNING * * *
Something shocks you.
* * * LOW HITPOINT WARNING * * *
You slash something! Something hits you but does no damage.
You hit something. Something hits you.
* * * LOW HITPOINT WARNING * * *
Something shocks you.
* * * LOW HITPOINT WARNING * * *
Something hits you but does no damage.
You miss something. Something hits you but does no damage.
You closely miss something. Something hits you but does no damage.
You miss something. Something hits you but does no damage.
You hit something. Something hits you.
* * * LOW HITPOINT WARNING * * *
Something shocks you.
You die...

# .# #. .. #.##.
....########
#...).....######
#.............#
...##..#####.####.#
.......?{@...>###.## ###
.#.##..#####..##...###..
#.. #..#.....##.# #..
#.........#.# ...
###.......#.# .###
#.#...#.#.# ..
#.##.#....### #.
.............
##.####....###


There were no monsters in sight!

Vanquished Creatures
  Sigmund (D:2)
  3 adders (D:2)
  2 worms (D:2)
  A dart slug (D:1)
  4 orcs (D:2)
  2 ball pythons
  2 endoplasms
  3 giant cockroaches (D:1)
  2 goblins
  4 kobolds
  A quokka (D:2)
  2 bats (D:1)
  2 frilled lizards
  A rat (D:2)
30 creatures vanquished.

Notes
Turn   | Place    | Note
-------+----------+-------------------------------------------
     0 | D:1      | Peloso the Minotaur Fighter began the quest for the Orb.
     0 | D:1      | Reached XP level 1. HP: 19/19 MP: 0/0
    80 | D:1      | Found a faded altar of an unknown god.
   395 | D:1      | Reached XP level 2. HP: 26/27 MP: 1/1
   978 | D:2      | Noticed Sigmund
   989 | D:2      | Killed Sigmund
   990 | D:2      | Reached skill level 5 in Armour
   990 | D:2      | Reached XP level 3. HP: 11/34 MP: 2/2
   990 | D:2      | Reached XP level 4. HP: 13/41 MP: 3/3
   990 | D:2      | Reached XP level 5. HP: 15/47 MP: 4/4
  1602 | D:2      | Reached skill level 5 in Fighting
  2199 | D:3      | Noticed a sky beast
  2228 | D:3      | HP: 1/48 [something (2)]
  2228 | D:3      | Slain by a sky beast

Illustrated notes

Levels and vault maps discovered:
D:1:      dpeg_arrival_circle_labyrinth_b, layout_basic,
          hellmonk_ecumenical_altar_crossroads
D:2:      layout_loops_ring, uniq_sigmund
D:3:      layout_loops_ring, uniq_ijyb

Skill      XL: |  1  2  3  4  5 |
---------------+----------------+-----
Fighting       | 4 5 |  5.0
Long Blades    | 4 |  4.1
Armour         | 5 |  5.3
Shields        | 4 |  4.5
Dodging        | |  0.4

Action                   |  1- 3 |  4- 6 || total
-------------------------+-------+-------++-------
Melee: Long sword        |    28 |    78 ||   106
       Headbutt          |     4 |     6 ||    10
  Use: Scroll            |     2 |     3 ||     5
       Potion            |     1 |       ||     1
Armor: Scale mail        |     8 |    33 ||    41
Dodge: Dodged            |    11 |    14 ||    25
Block: Buckler           |     6 |    22 ||    28
